 Dungeon Crawl Stone Soup version 0.31-a0-177-g4aa6249778 (webtiles) character file.

Game seed: 4303840576776696503

177 qw the Chopper (level 5, -3/32 HPs)
             Began as a Gargoyle Fighter on June 18, 2023.
             Killed from afar by an acid dragon (8 damage)
             ... with a splash of acid
             ... on level 4 of the Dungeon.
             The game lasted 00:01:18 (2443 turns).

qw the Chopper (Gargoyle Fighter)                   Turns: 2443, Time: 00:01:18

Health: -3/32      AC: 15    Str: 20 (21) XL:     5   Next: 57%
Magic:  5/5        EV:  7    Int:  8 (9)  God:
Gold:   194        SH:  4    Dex:  7 (9)  Spells: 4/4 levels left

rFire   . . .        Y - +0 war axe
rCold   . . .        c - +0 buckler
rNeg    + . .        k - +0 chain mail
rPois   inf          (no helmet)
rElec   +            e - +1 cloak
rCorr   .            (no gloves)
SInv    .            (no boots)
Will    .....        (no amulet) Stlth
                     a - +4 ring of protection
HPRegen 0.25/turn    (no ring)
MPRegen 0.09/turn

%: no passive effects
@: corroded
A: sickness immunity, AC +4, negative energy resistance 1, electricity
resistance, torment resistance 1, petrification resistance
a: no special abilities


You were on level 4 of the Dungeon.
You visited 1 branch of the dungeon, and saw 4 of its levels.

You collected 194 gold pieces.


Innate Abilities, Weirdness & Mutations

You are immune to sickness and miasma.
Your stone body is resilient. (AC +4)
You are immune to poison.
You resist negative energy. (rN+)
You are resistant to electric shocks. (rElec)
You are resistant to unholy torment.
You are immune to petrification.


   Skills:
 + Level 3.3 Fighting
 - Level 5.1 Axes
 - Level 3.2 Armour
 - Level 3.2 Shields


You had 4 spell levels left.
You didn't know any spells.
Your spell library was empty.

Inventory:

Hand Weapons
 j - a +0 flail
 Y - a +0 war axe (weapon)
Armour
 c - a +0 buckler (worn)
 e - a +1 cloak (worn)
 k - a +0 chain mail (worn)
Jewellery
 a - a +4 ring of protection (left hand)
Scrolls
 b - a scroll of amnesia {unknown}
Potions
 d - a potion of might
 f - a potion of invisibility {unknown}
 g - a potion of enlightenment
 h - a potion of curing {unknown}
 i - a potion of berserk rage {unknown}

Dungeon Overview and Level Annotations

Branches:
Dungeon (4/15)
 Temple: D:4-7

Altars:
Vehumet
Wu Jian
Zin


Message History

The acid dragon barely misses you. x2
The acid dragon spits acid at you. The splash of acid hits you.
You closely miss the acid dragon.
The acid dragon is lightly wounded.
The acid dragon bites you but does no damage.
You block the acid dragon's attack.
You closely miss the acid dragon.
The acid dragon is lightly wounded.
The acid dragon bites you. The acid dragon closely misses you.
You hit the acid dragon but do no damage.
The acid dragon is lightly wounded.
The acid dragon bites you.
The acid dragon claws you but does no damage.
You barely miss the acid dragon.
The acid dragon is lightly wounded.
You block the acid dragon's attack. The acid dragon claws you.
The acid dragon spits acid at you. The splash of acid hits you!
The acid corrodes you!
You hit the acid dragon but do no damage.
The acid dragon is lightly wounded.
You block the acid dragon's attack.
The acid dragon claws you but does no damage.
You hit the acid dragon.
The acid dragon is lightly wounded.
The acid dragon closely misses you. You block the acid dragon's attack.
You hit the acid dragon.
The acid dragon is moderately wounded.
The acid dragon bites you.
The acid dragon claws you but does no damage.
You hit the acid dragon but do no damage.
The acid dragon is moderately wounded.
The acid dragon bites you but does no damage.
The acid dragon closely misses you. The acid dragon bites you!
The acid dragon closely misses you.
You barely miss the acid dragon.
The acid dragon is moderately wounded.
The acid dragon spits acid at you. The splash of acid hits you!
You die...

### # ^.# .. #.#
..##### #.#
......## #.#
##D..###.######
#.@...........#
#....###.####.#
#....#.## #.# #.#
#.####.# #.# #.#
.. #.####.# #.#
#. #.#....####.#
#
#.#.........#####
#.#########...<..
#.# #(#####


You could see an acid dragon (catching breath).

Vanquished Creatures
  A phantom (D:4)
  4 adders (D:2)
  4 dart slugs
  A worm (D:2)
  5 orcs (D:3)
  4 endoplasms
  4 giant cockroaches
  5 goblins
  2 hobgoblins (D:2)
  4 jackals (D:3)
  6 kobolds
  A quokka (D:2)
  4 ball pythons
  2 bats
  5 frilled lizards
  2 rats
54 creatures vanquished.

Notes
Turn   | Place    | Note
-------+----------+-------------------------------------------
     0 | D:1      | qw the Gargoyle Fighter began the quest for the Orb.
     0 | D:1      | Reached XP level 1. HP: 14/14 MP: 1/1
     0 | D:1      | 0 ||| qw: Version: 0.3-a-7-ge0c9b40
     0 | D:1      | 0 ||| qw: Game counter: 791
     0 | D:1      | 0 ||| qw: Always use a shield: true
     0 | D:1      | 0 ||| qw: God list: Okawaru
     0 | D:1      | 0 ||| qw: Allow faded altars: false
     0 | D:1      | 0 ||| qw: Do Orc after D:15 true
     0 | D:1      | 0 ||| qw: Do second Lair branch before Depths: true
     0 | D:1      | 0 ||| qw: Lair rune preference: random
     0 | D:1      | 0 ||| qw: Plans: Normal, Zot:1-4, Slime:5, God:TSO, Crypt,
                  | Tomb, Abyss, Pan, Hells, Win
     0 | D:1      | 0 ||| PLANNING D:1-11
   145 | D:1      | Reached skill level 2 in Axes
   244 | D:1      | 244 ||| Stepping ~*~*~tactically~*~*~ (stealth).
   250 | D:1      | Reached XP level 2. HP: 19/19 MP: 2/2
   252 | D:1      | 252 ||| Stepping ~*~*~tactically~*~*~ (stealth).
   470 | D:1      | 470 ||| READING scroll labelled GOUSESUKLO.
   477 | D:2      | 477 ||| Stepping ~*~*~tactically~*~*~ (stealth).
   479 | D:2      | 479 ||| Stepping ~*~*~tactically~*~*~ (stealth).
   480 | D:2      | 480 ||| Stepping ~*~*~tactically~*~*~ (stealth).
   565 | D:2      | Found a radiant altar of Vehumet.
   711 | D:2      | Reached skill level 3 in Axes
   711 | D:2      | Reached XP level 3. HP: 23/23 MP: 3/3
   718 | D:2      | 718 ||| Stepping ~*~*~tactically~*~*~ (stealth).
   719 | D:2      | 719 ||| Stepping ~*~*~tactically~*~*~ (stealth).
   822 | D:2      | 822 ||| READING scroll labelled ACRECLAYJE.
   835 | D:2      | 835 ||| UPGRADING to +4 ring of protection.
   836 | D:2      | 836 ||| DRINKING 2 glowing emerald potions.
   904 | D:2      | Reached XP level 4. HP: 26/28 MP: 4/4
  1132 | D:2      | Reached skill level 4 in Axes
  1373 | D:3      | 1373 ||| Stepping ~*~*~tactically~*~*~ (stealth).
  1405 | D:3      | Found a glowing silver altar of Zin.
  1408 | D:3      | 1408 ||| Stepping ~*~*~tactically~*~*~ (stealth).
  1413 | D:3      | 1413 ||| Stepping ~*~*~tactically~*~*~ (stealth).
  1430 | D:3      | 1430 ||| Stepping ~*~*~tactically~*~*~ (stealth).
  1431 | D:3      | 1431 ||| Stepping ~*~*~tactically~*~*~ (stealth).
  1549 | D:3      | 1549 ||| DROPPING +0 club.
  1797 | D:3      | Found an ornate altar of the Wu Jian Council.
  1902 | D:3      | Found a faded altar of an unknown god.
  2077 | D:3      | 2077 ||| UPGRADING to +1 cloak.
  2082 | D:3      | 2082 ||| UPGRADING to +0 chain mail.
  2092 | D:3      | 2092 ||| DROPPING +0 scale mail.
  2093 | D:3      | 2093 ||| READING scroll labelled YRAOLA HOVEUPT.
  2094 | D:3      | 2094 ||| READING scroll labelled PUFAUDW QARIB.
  2095 | D:3      | 2095 ||| DRINKING 2 dark potions.
  2096 | D:3      | 2096 ||| DROPPING potion of degeneration.
  2163 | D:4      | Noticed a phantom
  2165 | D:4      | 2165 ||| Stepping ~*~*~tactically~*~*~ (hiding).
  2171 | D:4      | Killed a phantom
  2172 | D:4      | Reached skill level 5 in Axes
  2172 | D:4      | Reached XP level 5. HP: 32/32 MP: 5/5
  2429 | D:4      | Noticed an acid dragon
  2430 | D:4      | 2430 ||| Stepping ~*~*~tactically~*~*~ (hiding).
  2431 | D:4      | 2431 ||| Stepping ~*~*~tactically~*~*~ (hiding).
  2442 | D:4      | HP: 4/32 [acid dragon (10)]
  2443 | D:4      | Killed from afar by an acid dragon

Levels and vault maps discovered:
D:1:      psy_arrival_terrarium, layout_rooms, bh_walls_and_bars
D:2:      minmay_skewed_foursquare, layout_basic, basic_altar,
          wander_ebering_terrifying_dragon_lair
D:3:      layout_loops_ring, lemuel_tele_altar,
          mainiacjoe_overflow_cross_hatched, basic_ecumenical_altar
D:4:      minmay_recursive_quarters, layout_loops_ring,
          mainiacjoe_overflow_catwalk, dreamdust_princess_corridor

Skill      XL: |  1  2  3  4 |
---------------+-------------+-----
Axes           | 2 3 5 |  5.1
Fighting       | |  3.3
Armour         | |  3.2
Shields        | |  3.2

Action                     |  1- 3 |  4- 6 || total
---------------------------+-------+-------++-------
  Melee: War axe           |    93 |    96 ||   189
    Use: Scroll            |     2 |     2 ||     4
         Potion            |     1 |     1 ||     2
 Armour: Scale mail        |    51 |    27 ||    78
         Chain mail        |       |    16 ||    16
  Dodge: Dodged            |    36 |    38 ||    74
  Block: Buckler           |    10 |    15 ||    25

Table legend:
 A = Non-vault XP
 B = Vault XP
 C = Vault XP percentage of total XP
 D = Non-vault monster count
 E = Vault monster count
 F = Vault count percentage of total count
                 A         B        C        D         E       F
            +---------+---------+-------+---------+---------+-------
      Total |     225 |      29 |  11.4 |      49 |       5 |   9.3
            +---------+---------+-------+---------+---------+-------
        D:1 |      21 |       0 |   0.0 |      12 |       0 |   0.0
        D:2 |      55 |      29 |  34.5 |      16 |       5 |  23.8
        D:3 |      36 |       0 |   0.0 |      17 |       0 |   0.0
        D:4 |     113 |       0 |   0.0 |       4 |       0 |   0.0
            +---------+---------+-------+---------+---------+-------
